 Dungeon Crawl Stone Soup version 0.29-a0-911-g88e6f02907 (webtiles) character file.

Game seed: 8951411456307089837

1 FizzleBang the Sneak (level 1, 0/14 HPs)
             Began as a Meteoran Wanderer on July 26, 2022.
             Slain by a hobgoblin (1 damage)
             ... on level 1 of the Dungeon.
             The game lasted 00:01:51 (26 turns).

FizzleBang the Sneak (Meteoran Wanderer)              Turns: 26, Time: 00:01:51

Health: 0/14       AC:  2    Str: 11    XL:     1   Next: 28%
Magic:  5/5        EV: 11    Int: 14    God:
Gold:   0          SH:  0    Dex: 14    Spells: 4/5 levels left

rFire   . . .      SeeInvis .   a - +0 dagger
rCold   . . .      Faith    .   (no shield)
rNeg    . . .      Spirit   .   f - +0 robe
rPois   .          Reflect  .   (no helmet)
rElec   .          Harm     .   (no cloak)
rCorr   .          Rampage  .   (no gloves)
Will    .....                   (no boots)
Stlth   +.........              (no amulet)
HPRegen 0.04/turn               (no ring)
MPRegen 0.09/turn               (no ring)

@: glowing
A: sense surroundings 1, otherworldly, glowing, explore regen
a: no special abilities


You were on level 1 of the Dungeon.
You visited 1 branch of the dungeon, and saw 1 of its levels.

Inventory:

Hand Weapons
 a - a +0 dagger (weapon)
Missiles
 c - 2 datura-tipped darts (quivered)
Armour
 f - a +0 robe (worn)
Wands
 d - a wand of flame (4)
Scrolls
 e - a scroll of fog


   Skills:
 - Level 2.4 Armour
 - Level 3.7 Stealth
 - Level 2.6 Spellcasting
 + Level 0.5 Summonings
 - Level 1.2 Evocations


You had 4 spell levels left.
You knew the following spells:

 Your Spells              Type           Power      Damage    Failure   Level
a - Summon Small Mammal   Summ           12%        N/A       19%         1

Your spell library contained the following spells:

 Spells                   Type           Power      Damage    Failure   Level
 Call Canine Familiar     Summ           3%         N/A       47%         3


Dungeon Overview and Level Annotations

Branches:
Dungeon (1/15) Zot: 573

Altars:


Innate Abilities, Weirdness & Mutations

You passively map a small area around you.
You are easily found by Zot.
You glow in the dark.
You regain HP and MP as you explore.


Message History

Welcome, FizzleBang the Meteoran Wanderer.
If you return without finding the Orb of Zot, so far below, it's all over!
Press ? for a list of commands and other information.
Found a staircase leading out of the dungeon.
You begin with the following items: a +0 dagger, an atropa-tipped dart, 2 datura-tipped darts, a wand of flame (5), a scroll of fog, a +0 robe; and the following spell memorised: Summon Small Mammal; and the following spells available to memorise: Call Canine Familiar.
Okay, then.
Unknown command.
Unknown command.
Sorry, you're not good enough to have a special ability.
You open the door.
There is an open door here.
A hobgoblin comes into view.
The hobgoblin shouts!
A hobgoblin comes into view.
The hobgoblin shouts!
Unknown command.
Press: ? - help, v - describe, . - travel
Here: a hobgoblin The floor.
You closely miss the hobgoblin.
The hobgoblin hits you but does no damage.
You closely miss the hobgoblin. The hobgoblin hits you.
You hit the hobgoblin.
The hobgoblin is heavily wounded.
The hobgoblin hits you.
You barely miss the hobgoblin.
The hobgoblin is heavily wounded.
The hobgoblin hits you.
* * * LOW HITPOINT WARNING * * *
Throw: dart (atropa)
Press: ? - help, Shift-Dir - straight line, f - hobgoblin
Aim: a hobgoblin (heavily wounded, 57% to hit, chance to blind on hit: 100%)
You throw an atropa-tipped dart.
The atropa-tipped dart barely misses the hobgoblin.
The atropa-tipped dart hits the hobgoblin.
The hobgoblin appears confused.
The hobgoblin barely misses itself.
The hobgoblin hits you.
* * * LOW HITPOINT WARNING * * *
You aren't carrying any potions.
Unknown command.
Unknown command.
Unknown command.
Aiming: Throw Flame
Press: ? - help, Shift-Dir - straight line, f/p - hobgoblin
Aim: a hobgoblin (heavily wounded, 68% to hit)
The puff of flame hits the hobgoblin.
You kill the hobgoblin!
The hobgoblin seems less confused.
You barely miss the hobgoblin. The hobgoblin barely misses you.
You hit the hobgoblin but do no damage. The hobgoblin hits you.
* * * LOW HITPOINT WARNING * * *
You hit the hobgoblin but do no damage.
The hobgoblin is no longer blind.
The hobgoblin hits you.
You die...

* * * * * ,,
### ** , ..#
* * ,#####.#
* * #...#.#
, #.<.#.#
#...#.# ** *
###.##'##.#
........@g(#
*
#+##.#####.#
, , # , #.#
* >,#.# *
#.# *** , **
#.# , ,,.g#
, , ,.## *
*, ..


You could see a hobgoblin.

Vanquished Creatures
  A hobgoblin (D:1)
1 creature vanquished.

Notes
Turn   | Place    | Note
-------+----------+-------------------------------------------
     0 | D:1      | FizzleBang the Meteoran Wanderer began the quest for the
                  | Orb.
     0 | D:1      | FizzleBang set off with the following items: a +0 dagger,
                  | an atropa-tipped dart, 2 datura-tipped darts, a wand of
                  | flame (5), a scroll of fog, a +0 robe; and the following
                  | spell memorised: Summon Small Mammal; and the following
                  | spells available to memorise: Call Canine Familiar.
     0 | D:1      | Reached XP level 1. HP: 14/14 MP: 5/5
    25 | D:1      | HP: 1/14 [hobgoblin (3)]
    26 | D:1      | Slain by a hobgoblin

Illustrated notes

Levels and vault maps discovered:
D:1:      minmay_arrival_four_houses, layout_loops_ring, serial_aquarium,
          aquarium_bridge_square [aquarium_subvault_bridge,
          aquarium_subvault_wall, aquarium_subvault_wall,
          aquarium_subvault_window], aquarium_window_1, aquarium_window_3,
          aquarium_window_1, aquarium_window_1, aquarium_view_2d,
          aquarium_pool_corner, feat_on_display

Action                   || total
-------------------------++-------
Melee: Dagger            ||     7
Throw: Dart              ||     1
Evoke: Wand              ||     1
Armor: Robe              ||     1
Dodge: Dodged            ||     1

Table legend: (Time is in decaauts)
 A = Elapsed time spent in this place.
 B = Non-inter-level travel time spent in this place.
 C = Inter-level travel time spent in this place.
 D = Time resting spent in this place.
 E = Time spent auto-exploring this place.
 F = Levels seen in this place.
 G = Mean time per level.
                   A        B        C        D        E       F      G
               +--------+--------+--------+--------+--------+-----+--------+
         Total |     26 |     26 |      0 |      0 |      8 |   1 |   26.0 |
       Dungeon |     26 |     26 |      0 |      0 |      8 |   1 |   26.0 |
               +--------+--------+--------+--------+--------+-----+--------+

Top non-repeatable levels by time:
     D:1: 26 daAuts

Table legend:
 A = Kills in this place as a percentage of kills in entire the game.
 B = Kills by you in this place as a percentage of kills by you in the entire game.
 C = Kills by friends in this place as a percentage of kills by friends in the entire game.
 D = Other kills in this place as a percentage of other kills in the entire game.
 E = Experience gained in this place as a percentage of experience gained in the entire game.
 F = Experience gained in this place divided by the number of levels of this place that you have seen.
                   A       B       C       D       E      F
               +-------+-------+-------+-------+-------+----------------------
         Total | 100.0 | 100.0 |   N/A |   N/A | 100.0 |   2.0
       Dungeon | 100.0 | 100.0 |   N/A |   N/A | 100.0 |   2.0
               +-------+-------+-------+-------+-------+----------------------
